NCAA
XAVIER MUSKETEERS @ AUBURN TIGERS
04/25/2028
 
TOP OF THE 1ST
Xavier Musketeers batting - Pitching for Auburn Tigers : RHP Marc Ivey
Pitching: RHP Marc Ivey
Batting: RHB Art Cornell 0-0: Called Strike
0-1: Called Strike
0-2: Ball
1-2: Ball
2-2: Strikes out swinging
Batting: RHB Bobby Doyle 0-0: Ball
1-0: Foul Ball, location: 2F
1-1: Ball
2-1: Foul Ball, location: 2F
2-2: Strikes out swinging, 2-3 out at first.
Batting: LHB Freddy Torres 0-0: Ball
1-0: SOLO HOME RUN (Flyball, 8LXD), Distance : 403 ft
Batting: LHB Luis Martínez 0-0: Called Strike
0-1: Ball
1-1: Ball
2-1: Ball
3-1: SINGLE (Groundball, 34D)
Batting: LHB Pancho Robles 0-0: Ball
1-0: Ball
2-0: Called Strike
2-1: Called Strike
2-2: Strikes out swinging
Top of the 1st over - 1 run(s), 2 hit(s), 0 error(s), 1 left on base; Xavier 1 - Auburn 0
BOTTOM OF THE 1ST
Auburn Tigers batting - Pitching for Xavier Musketeers : RHP Garrett Bell
Pitching: RHP Garrett Bell
Batting: RHB Bill Petty 0-0: Called Strike
0-1: Foul Ball, location: 2F
0-2: Ball
1-2: Ball
2-2: Ball
3-2: Foul Ball, location: 2F
3-2: Strikes out swinging
Batting: RHB Travis Curtis 0-0: Ball
1-0: Called Strike
1-1: Ball
2-1: Ball
3-1: Foul Ball, location: 2F
3-2: Foul Ball, location: 2F
3-2: Base on Balls
Batting: RHB Robert Porter 0-0: Ball
1-0: Ball
2-0: Called Strike
2-1: Ball
3-1: Foul Ball, location: 2F
3-2: Foul Ball, location: 2F
3-2: Fly out, F8 (Flyball, 8LM)
Batting: LHB Matt Kennedy 0-0: Ball
1-0: Ball
2-0: Foul Ball, location: 2F
2-1: Swinging Strike
2-2: Strikes out looking
Bottom of the 1st over - 0 run(s), 0 hit(s), 0 error(s), 1 left on base; Xavier 1 - Auburn 0
TOP OF THE 2ND
Xavier Musketeers batting - Pitching for Auburn Tigers : RHP Marc Ivey
Batting: RHB Weldon Samuels 0-0: Swinging Strike
0-1: Ball
1-1: Foul Ball, location: 2F
1-2: Foul Ball, location: 2F
1-2: Ball
2-2: Fly out, F9 (Flyball, 9)
Batting: RHB Clifton Powers 0-0: Called Strike
0-1: Foul Ball, location: 2F
0-2: Fly out, F3 (Popup, 3L)
Batting: RHB Les Rupp 0-0: Foul Ball, location: 2F
0-1: Ball
1-1: Ball
2-1: SINGLE (Flyball, 89S)
Batting: LHB Bobby Meegan 0-0: Called Strike
0-1: Ball
1-1: Foul Ball, location: 2F
1-2: Reached on error, E6 (Groundball, 6M)
Les Rupp to second
Batting: RHB Art Cornell 0-0: Ball
1-0: Fly out, F2 (Popup, 2L)
Top of the 2nd over - 0 run(s), 1 hit(s), 1 error(s), 2 left on base; Xavier 1 - Auburn 0
BOTTOM OF THE 2ND
Auburn Tigers batting - Pitching for Xavier Musketeers : RHP Garrett Bell
Batting: RHB Mike Farley 0-0: Called Strike
0-1: Called Strike
0-2: Strikes out swinging
Batting: SHB Andrew Johnson 0-0: Called Strike
0-1: Foul Ball, location: 2F
0-2: Fly out, F8 (Flyball, 8RS)
Batting: RHB Lou Perry 0-0: Ground out 6-3 (Groundball, 6)
Bottom of the 2nd over - 0 run(s), 0 hit(s), 0 error(s), 0 left on base; Xavier 1 - Auburn 0
TOP OF THE 3RD
Xavier Musketeers batting - Pitching for Auburn Tigers : RHP Marc Ivey
Batting: RHB Bobby Doyle 0-0: Called Strike
0-1: Swinging Strike
0-2: Strikes out swinging
Batting: LHB Freddy Torres 0-0: Ground out U3 (Groundball, 3)
Batting: LHB Luis Martínez 0-0: Ball
1-0: Ball
2-0: Called Strike
2-1: Ground out 4-3 (Groundball, 34D)
Top of the 3rd over - 0 run(s), 0 hit(s), 0 error(s), 0 left on base; Xavier 1 - Auburn 0
BOTTOM OF THE 3RD
Auburn Tigers batting - Pitching for Xavier Musketeers : RHP Garrett Bell
Batting: SHB Anthony Thomas 0-0: Ball
1-0: Foul Ball, location: 2F
1-1: DOUBLE (Line Drive, 9LM)
Batting: RHB Patrick Stewart 0-0: Swinging Strike
0-1: Ball
1-1: Ball
2-1: Foul Ball, location: 2F
2-2: Foul Ball, location: 2F
2-2: Foul Ball, location: 2F
2-2: SINGLE (Groundball, 56D)
Anthony Thomas to third
Batting: RHB Bill Petty 0-0: Called Strike
0-1: Ball
1-1: Ball
2-1: Grounds into double play, 6-4-3 (Groundball, 56)
Anthony Thomas scores
Batting: RHB Travis Curtis 0-0: Ball
1-0: Called Strike
1-1: Foul Ball, location: 2F
1-2: SINGLE (Groundball, 6D)
Batting: RHB Robert Porter 0-0: Ball
1-0: Ball
2-0: Ball
3-0: Called Strike
3-1: Base on Balls
Travis Curtis to second
Batting: LHB Matt Kennedy 0-0: SINGLE (Line Drive, 8LS)
Travis Curtis to third
Robert Porter to second
Batting: RHB Mike Farley 0-0: Ball
1-0: Called Strike
1-1: Ball
2-1: Foul Ball, location: 2F
2-2: Strikes out swinging
Bottom of the 3rd over - 1 run(s), 4 hit(s), 0 error(s), 3 left on base; Xavier 1 - Auburn 1
TOP OF THE 4TH
Xavier Musketeers batting - Pitching for Auburn Tigers : RHP Marc Ivey
Batting: LHB Pancho Robles 0-0: Ball
1-0: Foul Ball, location: 2F
1-1: Ground out 4-3 (Groundball, 34)
Batting: RHB Weldon Samuels 0-0: Called Strike
0-1: Ball
1-1: Ball
2-1: Fly out, F4 (Flyball, 4MD)
Batting: RHB Clifton Powers 0-0: Ground out 5-3 (Groundball, 5L)
Top of the 4th over - 0 run(s), 0 hit(s), 0 error(s), 0 left on base; Xavier 1 - Auburn 1
BOTTOM OF THE 4TH
Auburn Tigers batting - Pitching for Xavier Musketeers : RHP Garrett Bell
Batting: SHB Andrew Johnson 0-0: Ball
1-0: Ball
2-0: Ball
3-0: Called Strike
3-1: Base on Balls
Batting: RHB Lou Perry 0-0: Foul Ball, location: 2F
0-1: Ball
1-1: SINGLE (Line Drive, 8LS)
Andrew Johnson to second
Batting: SHB Anthony Thomas 0-0: Ball
1-0: Foul Ball, location: 2F
1-1: Ball
2-1: Fly out, F2 (Popup, 3S)
Batting: RHB Patrick Stewart 0-0: Ball
1-0: Called Strike
1-1: Foul Ball, location: 2F
1-2: Strikes out swinging
Pitching: RHP Terry Gray
Batting: RHB Bill Petty 0-0: Ball
1-0: Called Strike
1-1: Ball
2-1: Called Strike
2-2: Ball
3-2: Foul Ball, location: 2F
3-2: Ground out 3-1 (Groundball, 34)
Bottom of the 4th over - 0 run(s), 1 hit(s), 0 error(s), 2 left on base; Xavier 1 - Auburn 1
TOP OF THE 5TH
Xavier Musketeers batting - Pitching for Auburn Tigers : RHP Marc Ivey
Batting: RHB Les Rupp 0-0: Ball
1-0: Fly out, F7 (Flyball, 78S)
Batting: LHB Bobby Meegan 0-0: Ball
1-0: Swinging Strike
1-1: SINGLE (Flyball, 9LS) - OUT at second base trying to stretch hit.
Batting: RHB Art Cornell 0-0: Ball
1-0: Ball
2-0: Ball
3-0: Called Strike
3-1: Ground out 4-3 (Groundball, 4M)
Top of the 5th over - 0 run(s), 1 hit(s), 0 error(s), 0 left on base; Xavier 1 - Auburn 1
BOTTOM OF THE 5TH
Auburn Tigers batting - Pitching for Xavier Musketeers : RHP Terry Gray
Batting: RHB Travis Curtis 0-0: Called Strike
0-1: Ball
1-1: Foul Ball, location: 2F
1-2: Ball
2-2: Foul Ball, location: 2F
2-2: Ball
3-2: Strikes out swinging
Batting: RHB Robert Porter 0-0: Ball
1-0: Ball
2-0: Foul Ball, location: 2F
2-1: Called Strike
2-2: SINGLE (Line Drive, 7S)
Batting: LHB Matt Kennedy 0-0: Called Strike
0-1: Foul Ball, location: 2F
0-2: Ball
1-2: Ball
2-2: Ball
3-2: Foul Ball, location: 2F
3-2: Strikes out swinging
Batting: RHB Mike Farley 0-0: Fly out, F9 (Flyball, 9LS)
Bottom of the 5th over - 0 run(s), 1 hit(s), 0 error(s), 1 left on base; Xavier 1 - Auburn 1
TOP OF THE 6TH
Xavier Musketeers batting - Pitching for Auburn Tigers : RHP Marc Ivey
Batting: RHB Bobby Doyle 0-0: Called Strike
0-1: Swinging Strike
0-2: Foul Ball, location: 2F
0-2: Ball
1-2: Strikes out swinging
Batting: LHB Freddy Torres 0-0: Called Strike
0-1: Called Strike
0-2: Ball
1-2: Ground out U3 (Groundball, 3)
Batting: LHB Luis Martínez 0-0: Swinging Strike
0-1: Ball
1-1: Swinging Strike
1-2: Ball
2-2: Strikes out swinging
Top of the 6th over - 0 run(s), 0 hit(s), 0 error(s), 0 left on base; Xavier 1 - Auburn 1
BOTTOM OF THE 6TH
Auburn Tigers batting - Pitching for Xavier Musketeers : RHP Terry Gray
Batting: SHB Andrew Johnson 0-0: Fly out, F5 (Popup, 5)
Batting: RHB Lou Perry 0-0: Ball
1-0: Called Strike
1-1: Ball
2-1: Swinging Strike
2-2: SINGLE (Groundball, 4MD)
Batting: SHB Anthony Thomas 0-0: Called Strike
Lou Perry is caught stealing 2nd base
0-1: Foul Ball, location: 2F
0-2: Fly out, F8 (Flyball, 8LM)
Bottom of the 6th over - 0 run(s), 1 hit(s), 0 error(s), 0 left on base; Xavier 1 - Auburn 1
TOP OF THE 7TH
Xavier Musketeers batting - Pitching for Auburn Tigers : RHP Marc Ivey
Pitching: LHP Carl Piña
Batting: LHB Pancho Robles 0-0: Fly out, F8 (Flyball, 8RS)
Pitching: RHP Chris Wright
Batting: RHB Weldon Samuels 0-0: Ground out 5-3 (Groundball, 56S)
Batting: RHB Clifton Powers 0-0: Ball
1-0: Foul Ball, location: 2F
1-1: Called Strike
1-2: Ball
2-2: Fly out, F8 (Flyball, 8LD)
Top of the 7th over - 0 run(s), 0 hit(s), 0 error(s), 0 left on base; Xavier 1 - Auburn 1
BOTTOM OF THE 7TH
Auburn Tigers batting - Pitching for Xavier Musketeers : RHP Terry Gray
Batting: RHB Patrick Stewart 0-0: Fly out, F9 (Flyball, 9S)
Batting: RHB Bill Petty 0-0: Ball
1-0: Called Strike
1-1: Foul Ball, location: 2F
1-2: Ball
2-2: Ball
3-2: Foul Ball, location: 2F
3-2: Base on Balls
Batting: RHB Travis Curtis 0-0: Called Strike
Bill Petty is caught stealing 2nd base
0-1: Fly out, F7 (Flyball, 7)
Bottom of the 7th over - 0 run(s), 0 hit(s), 0 error(s), 0 left on base; Xavier 1 - Auburn 1
TOP OF THE 8TH
Xavier Musketeers batting - Pitching for Auburn Tigers : RHP Chris Wright
Batting: RHB Les Rupp 0-0: Ball
1-0: Swinging Strike
1-1: Ball
2-1: Fly out, F8 (Flyball, 89M)
Batting: LHB Bobby Meegan 0-0: Foul Ball, location: 2F
0-1: Ball
1-1: Ball
2-1: Foul Ball, location: 2F
2-2: Strikes out looking
Batting: RHB Art Cornell 0-0: SINGLE (Groundball, 56) (infield hit)
Batting: RHB Bobby Doyle 0-0: Called Strike
0-1: Ball
1-1: Ball
2-1: SINGLE (Groundball, 34D)
Art Cornell to second
Runner from 2nd tries for 3rd, SAFE, no throw
Batting: LHB Freddy Torres 0-0: Ball
1-0: Foul Ball, location: 2F
1-1: Ball
2-1: Ball
3-1: Base on Balls
Bobby Doyle to second
Batting: LHB Luis Martínez 0-0: Ball
1-0: Swinging Strike
1-1: Ground out 1-3 (Groundball, 13S)
Top of the 8th over - 0 run(s), 2 hit(s), 0 error(s), 3 left on base; Xavier 1 - Auburn 1
BOTTOM OF THE 8TH
Auburn Tigers batting - Pitching for Xavier Musketeers : RHP Terry Gray
Batting: RHB Robert Porter 0-0: Called Strike
0-1: Ball
1-1: Called Strike
1-2: Strikes out swinging
Batting: LHB Matt Kennedy 0-0: Foul Ball, location: 2F
0-1: Ball
1-1: Foul Ball, location: 2F
1-2: Foul Ball, location: 2F
1-2: Ball
2-2: Strikes out swinging
Pitching: RHP Bob Taylor
Batting: RHB Mike Farley 0-0: Called Strike
0-1: Foul Ball, location: 2F
0-2: Ball
1-2: Ball
2-2: Ball
3-2: Fly out, F4 (Popup, 34D)
Bottom of the 8th over - 0 run(s), 0 hit(s), 0 error(s), 0 left on base; Xavier 1 - Auburn 1
TOP OF THE 9TH
Xavier Musketeers batting - Pitching for Auburn Tigers : RHP Chris Wright
Pitching: LHP Román Louzao
Pinch Hitting: RHB James Simon 0-0: Ball
1-0: Ball
2-0: SINGLE (Groundball, 6D)
Pinch Runner at 1st Jim Hall:
Batting: RHB Weldon Samuels 0-0: Ball
1-0: Called Strike
1-1: Ball
2-1: Called Strike
2-2: Foul Ball, location: 2F
2-2: Ball
3-2: Fly out, F9 (Flyball, 9LM)
Batting: RHB Clifton Powers 0-0: Ground out U3 (Groundball, 34S)
Jim Hall to second
Batting: RHB Les Rupp 0-0: Called Strike
0-1: Ball
1-1: Ground out 5-3 (Groundball, 5L)
Top of the 9th over - 0 run(s), 1 hit(s), 0 error(s), 1 left on base; Xavier 1 - Auburn 1
BOTTOM OF THE 9TH
Auburn Tigers batting - Pitching for Xavier Musketeers : RHP Bob Taylor
Now at C: Jim Hall
Batting: SHB Andrew Johnson 0-0: Foul Ball, location: 2F
0-1: Ball
1-1: Foul Ball, location: 2F
1-2: Fly out, F9 (Flyball, 9LD)
Batting: RHB Lou Perry 0-0: Ground out 6-3 (Groundball, 6)
Batting: SHB Anthony Thomas 0-0: Called Strike
0-1: Ball
1-1: Ball
2-1: SOLO HOME RUN (Flyball, 9LD), Distance : 335 ft
Tuesday, August 8th, 2017 - OOTP Baseball 17.12 Build 75